 Seeded DCSS version 0.29.1-12-g30fa7ad0bf (webtiles) character file.

Game seed: 20230103 (custom seed)

1182 stormannn the Arsonist (level 8, 0/41 HPs)
             Began as a Deep Elf Fire Elementalist on Jan 3, 2023.
             Slain by a yak (9 damage)
             ... on level 4 of the Dungeon.
             The game lasted 00:13:43 (7282 turns).

stormannn the Arsonist (Deep Elf Fire Elementalist) Turns: 7282, Time: 00:13:44

Health: 0/41       AC:  5    Str:  5    XL:     8   Next: 19%
Magic:  15/29      EV: 12    Int: 25    God:
Gold:   307        SH:  0    Dex: 15    Spells: 18/21 levels left

rFire   + . .      SeeInvis .   c - staff of fire
rCold   . . .      Faith    .   (no shield)
rNeg    . . .      Spirit   .   a - +0 robe
rPois   .          Reflect  .   l - +1 helmet
rElec   .          Harm     .   m - +0 cloak
rCorr   .          Rampage  .   (no gloves)
Will    .....                   (no boots)
Stlth   +++.......              (no amulet)
HPRegen 0.13/turn               i - ring "Ipaischa" {Fly MP+9 Int+2 Slay-4 Stlth+}
MPRegen 0.21/turn               (no ring)

@: flying
A: no striking features
a: no special abilities


You were on level 4 of the Dungeon.
You visited 1 branch of the dungeon, and saw 5 of its levels.

You collected 307 gold pieces.

Inventory:

Missiles
 h - 10 poisoned darts
Armour
 a - a +0 robe (worn)
 l - a +1 helmet (worn)
 m - a +0 cloak (worn)
Magical Staves
 c - a staff of fire (weapon)
Jewellery
 i - the ring "Ipaischa" (left hand) {Fly MP+9 Int+2 Slay-4 Stlth+}
   (You acquired it on level 2 of the Dungeon)

   [ring of flight]

   Int:       It affects your intelligence (+2).
   Slay:      It affects your accuracy & damage with ranged weapons and melee
   (-4).
   MP:        It affects your magic capacity (+9).
   Fly:       It grants you flight.
   Stlth:     It makes you more stealthy.
Wands
 j - a wand of polymorph (6)
Scrolls
 f - 2 scrolls of noise
 g - 4 scrolls of teleportation
 n - a scroll of vulnerability
 t - a scroll of enchant armour
 u - a scroll of identify
Potions
 b - a potion of magic
 d - 4 potions of brilliance
 e - 2 potions of curing
 k - 3 potions of flight
 o - 4 potions of might
 p - a potion of degeneration {unknown}
 q - a potion of haste
 r - 2 potions of attraction {unknown}
 s - a potion of berserk rage {unknown}


   Skills:
 - Level 2.4 Dodging
 - Level 2.4 Stealth
 + Level 7.0 Spellcasting
 + Level 5.3 Conjurations
 * Level 8.3 Fire Magic


You had 18 spell levels left.
You knew the following spells:

 Your Spells              Type           Power      Damage    Failure   Level
a - Foxfire               Conj/Fire      100%       2x1d9     1%          1
b - Scorch                Fire           100%       2d10      1%          2

Your spell library contained the following spells:

 Spells                   Type           Power      Damage    Failure   Level
 Conjure Flame            Conj/Fire      59%        6-21      1%          3
 Inner Flame              Hex/Fire       44%        N/A       3%          3
 Flame Wave               Conj/Fire      59%        2d14      4%          4
 Cause Fear               Hex            4%         N/A       54%         4
 Summon Forest            Summ/Tloc      4%         N/A       88%         5
 Summon Mana Viper        Hex/Summ       8%         N/A       88%         5
 Summon Cactus Giant      Summ           4%         N/A       100%        6
 Discord                  Hex            4%         N/A       100%        8


Dungeon Overview and Level Annotations

Branches:
Dungeon (5/15)
 Temple: D:4-7

Altars:
Elyvilon
Fedhas
Qazlal
Trog
Xom
Zin
The Shining One


Message History

Casting: Foxfire (safe; 1% risk of failure)
Confirm with . or Enter, or press ? or * to list all spells.
You feel a surge of power!
You miscast Foxfire.
You are very lightly contaminated with residual magic.
Nothing appears to happen.
The foxfire hits the yak.
The yak is burned terribly!
The yak is severely wounded.
The foxfire hits the yak.
The yak is burned terribly!
The yak is severely wounded.
Casting: Foxfire (safe; 1% risk of failure)
Confirm with . or Enter, or press ? or * to list all spells.
You feel a surge of power!
You conjure some foxfire!
The yak bellows!
The yak closely misses you.
Your foxfire dissipates!
The yak is no longer more vulnerable to fire.
The foxfire hits the yak.
The yak is lightly wounded.
The yak attacks as you move away! The yak barely misses you.
The yak attacks as you move away! The yak misses you.
The yak barely misses you. The yak attacks as you move away!
The yak gores you but does no damage. The yak attacks as you move away!
The yak gores you!
There is a stone staircase leading up here.
The yak barely misses you. The yak gores you.
Your magical contamination has completely faded away.
You fly upwards.
There is a stone staircase leading down here.
Casting: Foxfire (safe; 1% risk of failure)
Confirm with . or Enter, or press ? or * to list all spells.
You feel a surge of power!
Flames lash the yak.
The yak is almost dead.
The yak's fire resistance burns away.
The yak completely misses you. The yak gores you!
Casting: Scorch (safe; 1% risk of failure)
Confirm with . or Enter, or press ? or * to list all spells.
You feel a surge of power!
You conjure some foxfire!
The yak gores you!
* * * LOW HITPOINT WARNING * * *
The yak gores you!
You die...

...........# #.....
...........########## #.###.
..[.................# #.###.
....................########.#...
.........#...................#.##
.........#..........##########.#
.........#..........# #.#
##.#..####.###################.#
...............Y@v...........#.#
.#.#..####.#####Y###########.#.#
.#.#.....#.# #.# #.#.#
.#.#.....#.# #.# #.#.#
.#.#######.# #.# #.#.#
...........# #.# #######.#
.#.#############.# #.....#.#
.#)#..........##.#######.###.#.#
.#.#.#######....).##...#.#°#.#.#


You could see 2 yaks.

Vanquished Creatures
  Grinder (D:4)
  Sigmund (D:2)
  A yak (D:5)
  Menkaure (D:5)
  A scorpion (D:4)
  3 orc priests
  Crazy Yiuf (D:2)
  Ijyb (D:4)
  2 iguanas (D:4)
  Natasha (thrice) (D:3)
  2 orc wizards
  Robin (D:2)
  A gnoll (D:1)
  3 adders (D:2)
  An ufetubus (D:4)
  13 dart slugs
  A worm (D:3)
  14 orcs
  7 ball pythons
  6 endoplasms
  2 giant cockroaches
  14 goblins
  12 hobgoblins
  3 jackals (D:4)
  2 kobolds
  A quokka (D:1)
  5 bats
  2 frilled lizards
  7 rats
112 creatures vanquished.

Vanquished Creatures (others)
  A wizard (D:4)
  470 foxfires
  2 fungi (D:2)
473 creatures vanquished.

Grand Total: 585 creatures vanquished

Notes
Turn   | Place    | Note
-------+----------+-------------------------------------------
     0 | D:1      | stormannn the Deep Elf Fire Elementalist began the quest
                  | for the Orb.
     0 | D:1      | Reached XP level 1. HP: 10/10 MP: 6/6
   245 | D:1      | Reached XP level 2. HP: 15/15 MP: 2/8
  1321 | D:1      | Reached skill level 4 in Fire Magic
  1631 | D:1      | Reached XP level 3. HP: 16/19 MP: 6/10
  1817 | D:1      | Identified a scroll of acquirement
  1825 | D:1      | Acquired a staff of fire
  2159 | D:2      | Reached XP level 4. HP: 24/24 MP: 7/11
  2502 | D:2      | Identified the +0 helmet "Umum" {rN+ Str+2}
  2502 | D:2      | Noticed Robin
  2508 | D:2      | Killed Robin
  2542 | D:2      | Noticed Sigmund
  2603 | D:2      | Learned a level 2 spell: Scorch
  2640 | D:2      | Killed Sigmund
  2641 | D:2      | Reached skill level 5 in Fire Magic
  2641 | D:2      | Reached XP level 5. HP: 21/28 MP: 9/14
  2776 | D:2      | Reached skill level 5 in Spellcasting
  2776 | D:2      | Reached XP level 6. HP: 32/32 MP: 12/15
  2809 | D:2      | Found a runed translucent door.
  2810 | D:2      | Noticed Crazy Yiuf
  2827 | D:2      | Killed Crazy Yiuf
  3459 | D:3      | Reached skill level 6 in Fire Magic
  3742 | D:3      | Noticed Natasha
  3752 | D:3      | Killed Natasha
  3874 | D:3      | Found a glowing silver altar of Zin.
  3940 | D:3      | Found a large runed translucent door.
  3940 | D:3      | Found a large runed translucent door.
  4032 | D:3      | Found a faded altar of an unknown god.
  4205 | D:3      | Noticed Natasha
  4208 | D:3      | Killed Natasha
  4252 | D:3      | Noticed Natasha
  4571 | D:2      | Acquired the ring "Ipaischa" {Fly MP+9 Int+2 Slay-4 Stlth+}
  4852 | D:3      | Killed Natasha
  5183 | D:3      | Found a white marble altar of Elyvilon.
  5186 | D:3      | Found a shimmering altar of Xom.
  5235 | D:4      | Reached XP level 7. HP: 28/36 MP: 17/17
  5708 | D:4      | Reached skill level 7 in Fire Magic
  6238 | D:4      | Noticed Grinder
  6250 | D:4      | Noticed Ijyb
  6294 | D:4      | Killed Ijyb
  6636 | D:4      | Killed Grinder
  6932 | D:4      | Found a bloodstained altar of Trog.
  6935 | D:4      | Noticed a wizard
  6941 | D:4      | Killed a wizard
  7088 | D:5      | Entered Level 5 of the Dungeon
  7105 | D:5      | Found a stormy altar of Qazlal.
  7125 | D:5      | Noticed Menkaure
  7134 | D:5      | Killed Menkaure
  7135 | D:5      | Reached skill level 5 in Conjurations
  7135 | D:5      | Reached skill level 8 in Fire Magic
  7135 | D:5      | Reached XP level 8. HP: 41/41 MP: 20/20
  7228 | D:5      | Found a glowing golden altar of the Shining One.
  7254 | D:5      | Found a blossoming altar of Fedhas.
  7282 | D:4      | Slain by a yak

Illustrated notes

Levels and vault maps discovered:
D:1:      dpeg_arrival_tiny_k, layout_loops_ring
D:2:      layout_loops_ring, minmay_pentomino_r2, uniq_crazy_yiuf_cottage,
          uniq_sigmund, uniq_robin
D:3:      kennysheep_slugbush, layout_loops_ring, lemuel_round_altar,
          jmf_multi_god_temple2, ebering_ecumenical_altar_abandoned,
          uniq_natasha
D:4:      layout_basic, trog_wizard, uniq_ijyb, uniq_grinder
D:5:      minmay_bubble_buster, layout_loops_corners, fedhas_altar_2,
          mainiacjoe_overflow_boulevard, nicolae_ru_the_path_less_chosen,
          lemuel_doored_altar, uniq_menkaure

Skill      XL: |  1  2  3  4  5  6  7  8 |
---------------+-------------------------+-----
Fire Magic     | 4 5 6 8 |  8.3
Conjurations   | 2 3 4 5 |  5.3
Spellcasting   | 4 5 6 7 |  7.0
Dodging        | |  2.4
Stealth        | |  2.4

Action                   |  1- 3 |  4- 6 |  7- 9 || total
-------------------------+-------+-------+-------++-------
Melee: Staff             |     1 |     2 |       ||     3
       Unarmed           |       |       |    15 ||    15
 Cast: Foxfire           |    70 |   137 |    77 ||   284
       Scorch            |       |     9 |     6 ||    15
  Use: Scroll            |     7 |     9 |     4 ||    20
 Stab: Confused          |       |       |     2 ||     2
Armor: Robe              |     3 |     8 |     1 ||    12
       Skin              |       |       |     5 ||     5
Dodge: Dodged            |     8 |    14 |    30 ||    52
